 Dungeon Crawl Stone Soup version 0.28-a0-664-gc179e30c89 (webtiles) character file.

Game seed: 575028760159117318

61232 jasper the Severer (level 14, -5/127 HPs)
             Began as a Demonspawn Cinder Acolyte on Oct 16, 2021.
             Was an Initiate of Nemelex Xobeh.
             Killed from afar by Tynuabry's ghost (30 damage)
             ... with a bolt of lightning
             ... on level 5 of the Lair of Beasts.
             The game lasted 00:44:46 (24352 turns).

jasper the Severer (Demonspawn Cinder Acolyte)     Turns: 24352, Time: 00:44:47

Health: -5/127     AC: 15    Str: 19    XL:     14   Next: 59%
Magic:  5/5        EV: 16    Int: 29    God:    Nemelex Xobeh [......]
Gold:   540        SH: 17    Dex: 13    Spells: 15/15 levels left

rFire   . . .      SeeInvis +   O - +5 broad axe (antimagic)
rCold   x . .      Faith    .   M - +7 kite shield of Vaad {rC- rN+++ Int+2 Dex+4}
rNeg    + + +      Spirit   .   V - +1 scale mail of Weirdness {rF++ rN+ SInv}
rPois   .          Reflect  .   C - +0 hat {Int+3}
rElec   .          Harm     .   G - +1 cloak of the Unseen Realm {Will+ Int+2}
rCorr   .          Rampage  .   F - +0 pair of gloves
Will    ++...                   (no boots)
Stlth   ..........              D - amulet of regeneration
HPRegen 1.31/turn               b - +6 ring of intelligence
MPRegen 0.18/turn               R - +4 ring of evasion

@: fire susceptible
A: antennae 2, rugged brown scales 2, robust 1, spiny 3, magic regeneration
a: Renounce Religion, Draw Escape, Draw Destruction, Draw Summoning


You were on level 5 of the Lair of Beasts.
You worshipped Nemelex Xobeh.
Nemelex Xobeh was noncommittal.
You visited 3 branches of the dungeon, and saw 20 of its levels.
You also visited: Trove, Ossuary and Gauntlet.

You collected 1928 gold pieces.
You spent 1388 gold pieces at shops.

Inventory:

Hand Weapons
 e - a +0 morningstar
 g - a +8 vampiric broad axe
 r - a +0 broad axe
 O - a +5 antimagic broad axe (weapon)
Missiles
 c - 401 stones (quivered)
 v - 20 boomerangs
 w - 2 throwing nets
 I - 48 poisoned darts
Armour
 a - a +2 buckler
 l - a +1 scale mail
 x - the +1 chain mail "Tetump" {rC++ rCorr}
   (You took it off a minotaur in a Gauntlet)

   rC:        It greatly protects you from cold.
   rCorr:     It protects you from acid and corrosion.
 C - a +0 hat of intelligence (worn)
 F - a +0 pair of gloves (worn)
 G - the +1 cloak of the Unseen Realm (worn) {Will+ Int+2}
   (You found it in a Gauntlet)

   Int:       It affects your intelligence (+2).
   Will:      It increases your willpower.
 M - the +7 kite shield of Vaad (worn) {rC- rN+++ Int+2 Dex+4}
   (You found it in a Gauntlet)

   Int:       It affects your intelligence (+2).
   Dex:       It affects your dexterity (+4).
   rC:        It makes you vulnerable to cold.
   rN:        It renders you almost immune to negative energy.
 V - the +1 scale mail of Weirdness (worn) {rF++ rN+ SInv}
   (You found it on level 13 of the Dungeon)

   rF:        It greatly protects you from fire.
   rN:        It protects you from negative energy.
   SInv:      It lets you see invisible.
Jewellery
 b - a +6 ring of intelligence (left hand)
 j - an amulet of guardian spirit
 k - an amulet of reflection
 m - an amulet of the acrobat
 D - an amulet of regeneration (around neck)
 R - a +4 ring of evasion (right hand)
 U - a ring of wizardry
Wands
 p - a wand of digging (23)
 q - a wand of iceblast (8)
 K - a wand of flame (76)
 L - a wand of polymorph (7)
 Q - a wand of paralysis (8)
 T - a wand of acid (23)
Scrolls
 f - 6 scrolls of fog
 i - 5 scrolls of amnesia
 s - a scroll of magic mapping
 t - 3 scrolls of summoning
 u - 15 scrolls of teleportation
 y - 3 scrolls of fear
 A - 3 scrolls of identify
 E - 3 scrolls of blinking
 N - 2 scrolls of enchant armour
 S - 2 scrolls of immolation
Potions
 d - 11 potions of curing
 h - a potion of ambrosia
 n - 5 potions of mutation
 o - 5 potions of cancellation
 z - 3 potions of magic
 B - 2 potions of flight
 H - 3 potions of attraction {unknown}
 J - 2 potions of invisibility
 P - a potion of might


   Skills:
 + Level 10.3 Fighting
 * Level 16.7 Axes
 + Level 8.9 Armour
 + Level 9.0 Dodging
 + Level 8.2 Shields
 - Level 1.0 Spellcasting
 - Level 2.6 Fire Magic


You had 15 spell levels left.
You didn't know any spells.
Your spell library contained the following spells:

 Spells                   Type           Power      Damage    Failure   Level
 Scorch                   Fire           34%        2d6       28%         2
 Foxfire                  Conj/Fire      36%        2x1d5     32%         1
 Animate Skeleton         Necr           2%         N/A       50%         1
 Magic Dart               Conj           4%         1d3       50%         1
 Pain                     Necr           4%         1d4       50%         1
 Summon Small Mammal      Summ           4%         N/A       50%         1
 Call Imp                 Summ           1%         N/A       65%         2
 Conjure Flame            Conj/Fire      9%         6-21      69%         3
 Inner Flame              Hex/Fire       9%         N/A       69%         3
 Call Canine Familiar     Summ           1%         N/A       86%         3
 Mephitic Cloud           Conj/Pois/Air  1%         N/A       86%         3
 Portal Projectile        Hex/Tloc       2%         N/A       86%         3
 Summon Guardian Golem    Hex/Summ       1%         N/A       86%         3
 Vampiric Draining        Necr           0%         2d6       86%         3
 Flame Wave               Conj/Fire      9%         3d4       97%         4
 Animate Armour           Summ/Erth      2%         N/A       99%         4
 Hailstorm                Conj/Ice       1%         3d3       99%         4
 Ice Form                 Ice/Tmut       1%         N/A       99%         4
 Leda's Liquefaction      Hex/Erth       0%         N/A       99%         4
 Eringya's Noxious Bog    Tmut/Pois      0%         N/A       100%        6
 Simulacrum               Ice/Necr       0%         N/A       100%        6


Dungeon Overview and Level Annotations

Branches:
Dungeon (13/15)            Temple (0/1) D:5            Lair (5/6) D:8
  Swamp (0/4) Lair:2       Spider (0/4) Lair:4          Orc (2/2) D:9
    Elf (0/3) Orc:2       Ossuary (visited)         Gauntlet (visited)
  Slime: Lair:5-6    Vaults: D:13-14

Altars:
Cheibriados
Dithmenos
Fedhas
Hepliaklqana
Makhleb
Nemelex Xobeh
Qazlal
Ru
Sif Muna
Xom
The Shining One
Jiyva

Shops:
D:7 ?   Orc:1 *   Orc:2 (([(

Annotations:
D:4 3 runed translucent doors, Atlas's ghost, amateur DgEE
Lair:4 3 runed translucent doors, Ithra's ghost, journeyman OgTm
Lair:5 exclusion: 2 oklob plants, Tynuabry's ghost, journeyman DECj


Innate Abilities, Weirdness & Mutations

You have a pair of antennae on your head.
You are mostly covered in rugged brown scales. (AC +2, +5% HP)
You are robust. (+10% HP)
You are completely covered in sharp spines.
You regenerate magic rapidly.


Message History

Tynuabry's ghost points at you and mumbles some strange words.
The zap hits you but does no damage. The zap misses you.
You barely miss Tynuabry's ghost.
Tynuabry's ghost is heavily damaged.
Tynuabry's ghost says very slowly, "There's no hope."
You block Tynuabry's ghost's attack.
You hit Tynuabry's ghost.
Tynuabry's ghost's magic leaks into the air.
Tynuabry's ghost is heavily damaged.
Tynuabry's ghost closely misses you.
You regained 2 hp, and now have 97/127 hp.
You barely miss Tynuabry's ghost.
Tynuabry's ghost is heavily damaged.
The dream sheep ruffles its wool and motes of dream dust sparkle, to no effect.
Tynuabry's ghost gestures at you while chanting.
The bolt of lightning hits you. The bolt of lightning hits you!!
You take 27 damage, and have 70/127 hp.
MASSIVE DAMAGE!!
You barely miss Tynuabry's ghost.
Tynuabry's ghost is heavily damaged.
The dream sheep ruffles its wool and motes of dream dust sparkle, to no effect.
Tynuabry's ghost casts a spell at you. The zap hits you!
The zap hits you but does no damage.
You take 11 damage, and have 59/127 hp.
You completely miss Tynuabry's ghost.
Tynuabry's ghost is heavily damaged.
The dream sheep ruffles its wool and motes of dream dust sparkle, to no effect.
Tynuabry's ghost is struck by your spines.
Tynuabry's ghost misses you.
You completely miss Tynuabry's ghost.
Tynuabry's ghost is severely damaged.
You block Tynuabry's ghost's attack.
You regained 2 hp, and now have 62/127 hp.
You miss Tynuabry's ghost.
Tynuabry's ghost is severely damaged.
Tynuabry's ghost gestures at you while chanting.
The bolt of lightning hits you!!!
* * * LOW HITPOINT WARNING * * *
The bolt of lightning hits you!!
You die...
Your body disappears without a glow.

...#??.....'.....................
...#.=###..'........#...........#
...#.$###..#..........>..?...#.##
...#.......#........#...##...###
...#########...........####...#
P................#.##.. #.##
...............Y{# #... ..
#...[.P#..##..DW##
#.........#...##@#
###..#.#P..P..##..#
#.#................
...........P#.#....##
##.#####...####.PP.. ## ###..#
####### ###


You could see an eight-headed hydra, a dream sheep and Tynuabry's ghost.

Vanquished Creatures
  Gastronok (Lair:3)
  A stone giant (shapeshifter) (D:12)
  A minotaur (Gauntlet)
  2 ettins
  Josephine (D:10)
  A vault guard (D:11)
  6 hydras
  Harold (D:7)
  2 catoblepae
  7 death yaks
  4 two-headed ogres
  2 thrashing horrors (Gauntlet)
  The ghost of lawman0 the Covert, a novice DrDe of Hepliaklqana (Lair:1)
  An orc high priest (Orc:2)
  Sonja (Lair:3)
  A fire crab (Gauntlet)
  Pikel (D:7)
  A deep elf pyromancer (D:12)
  3 cyclopes
  A salamander (shapeshifter) (D:10)
  6 orc sorcerers
  A manticore (D:12)
  Joseph (D:10)
  2 black mambas (Lair:4)
  A gargoyle (D:11)
  8 cane toads
  A kobold demonologist (D:11)
  4 torpor snails (Lair:2)
  4 komodo dragons
  3 rime drakes
  3 polar bears
  5 trolls
  A wind drake (shapeshifter) (D:12)
  Prince Ribbit (D:5)
  8 slime creatures
  A jumping spider (Lair:4)
  15 blink frogs
  Grinder (D:6)
  8 wraiths
  A human (shapeshifter) (D:13)
  2 shadows
  3 fire elementals (Lair:4)
  3 wyverns
  2 fire bats (Gauntlet)
  A vampire (D:11)
  3 redbacks (Lair:4)
  24 yaks
  2 basilisks (Lair:4)
  A steam dragon (D:8)
  4 two-headed ogre zombies (D:9)
  13 vampire mosquitoes
  A warg (Orc:2)
  2 acid dragons
  19 water moccasins
  2 swamp worms (Lair:2)
  Duvessa (D:4)
  21 orc warriors
  An ice beast (D:6)
  4 necrophages
  6 ogres
  A hornet zombie (D:8)
  17 wolves
  2 centaurs
  4 small abominations (Gauntlet)
  A phantom (D:9)
  A lemure (D:7)
  2 kobold brigands
  An elf zombie (Ossuary)
  7 bullfrogs
  2 scorpions
  Dowan (D:4)
  3 troll zombies (D:9)
  23 killer bees
  16 wights
  2 howler monkeys
  5 electric eels
  5 crimson imps
  2 human zombies (Ossuary)
  8 centaur zombies
  2 gnoll shamans
  A bullfrog zombie (D:7)
  22 orc priests
  A bullfrog skeleton (D:6)
  An iguana (D:6)
  35 orc wizards
  A scorpion zombie (D:5)
  A killer bee zombie (D:6)
  An ogre zombie (D:9)
  A hound skeleton (D:5)
  2 mummies (Ossuary)
  A howler monkey zombie (D:3)
  9 adders
  21 gnolls
  2 ufetubi
  A worm (D:2)
  2 dart slugs
  55 orcs
  8 ball pythons
  4 bats
  2 endoplasms
  2 giant cockroaches (D:2)
  4 hobgoblins
  3 jackals (D:1)
  11 kobolds
  3 quokkas
  A frilled lizard (D:1)
  10 goblins
  2 goblin skeletons (D:9)
  3 goblin zombies
  2 hobgoblin skeletons (D:9)
  14 hobgoblin zombies
  A jackal zombie (Ossuary)
  5 kobold zombies (Ossuary)
  2 orc skeletons (D:9)
  24 orc zombies
  7 rats
  2 rat zombies (Ossuary)
601 creatures vanquished.

Vanquished Creatures (others)
  2 orc wizards
  119 foxfires
  6 fungi
  21 plants
148 creatures vanquished.

Grand Total: 749 creatures vanquished

Notes
Turn   | Place    | Note
-------+----------+-------------------------------------------
     0 | D:1      | jasper the Demonspawn Cinder Acolyte began the quest for
                  | the Orb.
     0 | D:1      | Reached XP level 1. HP: 18/18 MP: 2/2
   121 | D:1      | Reached skill level 3 in Axes
   251 | D:1      | Gained mutation: You are partially covered in sharp spines.
                  | [demonic ancestry]
   251 | D:1      | Reached XP level 2. HP: 21/24 MP: 3/3
   309 | D:1      | Found a faded altar of an unknown god.
   439 | D:1      | You fall into a shaft and drop 1 floor!
  1203 | D:2      | Reached XP level 3. HP: 25/29 MP: 4/4
  1204 | D:2      | Reached skill level 4 in Axes
  1283 | D:2      | HP: 1/29 [gnoll (8)]
  1286 | D:2      | Reached XP level 4. HP: 2/35 MP: 5/5
  1875 | D:2      | Reached skill level 5 in Axes
  2189 | D:2      | Reached XP level 5. HP: 41/41 MP: 6/6
  2659 | D:2      | Identified a scroll of acquirement
  2659 | D:2      | Acquired a +6 vampiric broad axe
  3206 | D:3      | Found a burning altar of Makhleb.
  3207 | D:3      | Found a shimmering altar of Xom.
  3398 | D:3      | Got the Almanac of Intoxication and Summoning
  3586 | D:4      | Noticed an ogre
  3592 | D:4      | Killed an ogre
  3593 | D:4      | Reached skill level 6 in Axes
  3593 | D:4      | Gained mutation: You are partially covered in rugged brown
                  | scales. (AC +1, +3% HP) [demonic ancestry]
  3593 | D:4      | Reached XP level 6. HP: 41/48 MP: 7/7
  3718 | D:4      | Reached skill level 7 in Axes
  3791 | D:4      | Noticed Atlas's ghost (amateur DgEE)
  3797 | D:4      | Found a runed translucent gate.
  3819 | D:4      | Noticed Dowan
  3821 | D:4      | Noticed Duvessa
  3840 | D:4      | Killed Duvessa
  3841 | D:4      | Reached XP level 7. HP: 39/53 MP: 8/8
  3842 | D:4      | Killed Dowan
  3991 | D:4      | Found a runed translucent gate.
  3991 | D:4      | Found a runed translucent gate.
  4194 | D:5      | Entered Level 5 of the Dungeon
  4266 | D:5      | Reached skill level 8 in Axes
  4798 | D:5      | Found a staircase to the Ecumenical Temple.
  4927 | D:5      | Noticed Prince Ribbit
  4935 | D:5      | Killed Prince Ribbit
  5612 | D:6      | Reached skill level 9 in Axes
  5612 | D:6      | Gained mutation: You have a pair of small antennae on your
                  | head. [demonic ancestry]
  5612 | D:6      | Reached XP level 8. HP: 59/59 MP: 9/9
  5650 | D:6      | Found a shimmering blue altar of Sif Muna.
  5735 | D:6      | Found a sand-covered staircase.
  5769 | D:6      | Reached skill level 10 in Axes
  5918 | Ossuary  | Entered an ossuary
  6445 | D:6      | Reached skill level 11 in Axes
  6655 | D:6      | Noticed Grinder
  6661 | D:6      | Killed Grinder
  6662 | D:6      | Gained mutation: You regenerate magic rapidly. [demonic
                  | ancestry]
  6662 | D:6      | Reached XP level 9. HP: 63/64 MP: 10/10
  6801 | D:6      | Found a shadowy altar of Dithmenos.
  6801 | D:6      | Found a sacrificial altar of Ru.
  6803 | D:6      | Found a hazy altar of Hepliaklqana.
  6803 | D:6      | Found a blossoming altar of Fedhas.
  7115 | D:7      | Noticed Pikel
  7158 | D:7      | Killed Pikel
  7159 | D:7      | Reached skill level 12 in Axes
  7577 | D:7      | Found Gurestry's Magic Scroll Shoppe.
  7583 | D:7      | Bought a scroll of blinking for 97 gold pieces
  7583 | D:7      | Bought a scroll of fear for 45 gold pieces
  7583 | D:7      | Bought a scroll of teleportation for 39 gold pieces
  7583 | D:7      | Bought 3 scrolls of identify for 78 gold pieces
  7620 | D:7      | Noticed Harold
  7629 | D:7      | Killed Harold
  7630 | D:7      | Reached skill level 13 in Axes
  7936 | D:8      | Gained mutation: You are mostly covered in sharp spines.
                  | [demonic ancestry]
  7936 | D:8      | Reached XP level 10. HP: 72/72 MP: 11/11
  8304 | D:8      | Noticed a death yak
  8309 | D:8      | Noticed a death yak
  8310 | D:8      | Noticed a death yak
  8335 | D:8      | Killed a death yak
  8336 | D:8      | Reached skill level 14 in Axes
  8354 | D:8      | Killed a death yak
  8355 | D:8      | Reached skill level 1 in Armour
  8355 | D:8      | Reached skill level 1 in Dodging
  8361 | D:8      | Killed a death yak
  8385 | D:8      | Found a staircase to the Lair.
  8549 | D:8      | Noticed a cyclops
  8565 | D:8      | Killed a cyclops
  8752 | D:8      | Reached skill level 5 in Fighting
  9014 | D:9      | Noticed a cyclops
  9021 | D:9      | Killed a cyclops
  9022 | D:9      | Gained mutation: You are robust. (+10% HP) [demonic
                  | ancestry]
  9022 | D:9      | Reached XP level 11. HP: 50/90 MP: 12/12
  9778 | D:9      | Found a staircase to the Orcish Mines.
 10579 | D:10     | Entered Level 10 of the Dungeon
 10603 | D:10     | Reached skill level 5 in Dodging
 10605 | D:10     | Reached skill level 5 in Armour
 10614 | D:10     | Noticed an orb spider
 10614 | D:10     | a troll changed into an orb spider
 10615 | D:10     | an orb spider changed into a salamander
 10768 | D:10     | Found a sparkling altar of Nemelex Xobeh.
 10953 | D:10     | Noticed a two-headed ogre
 10954 | D:10     | Noticed Josephine
 11027 | D:9      | Killed a two-headed ogre
 11072 | Orc:1    | Entered Level 1 of the Orcish Mines
 11072 | Orc:1    | Noticed an orc sorcerer
 11081 | D:9      | Killed an orc sorcerer
 11227 | Orc:2    | Entered Level 2 of the Orcish Mines
 11565 | D:10     | Found a stormy altar of Qazlal.
 11633 | D:10     | Killed Josephine
 11703 | D:10     | Noticed Joseph
 11717 | D:10     | Killed Joseph
 11869 | D:7      | Bought a scroll of enchant weapon for 97 gold pieces
 11869 | D:7      | Bought 2 scrolls of identify for 52 gold pieces
 11869 | D:7      | Bought a scroll of identify for 26 gold pieces
 11869 | D:7      | Bought a scroll of identify for 26 gold pieces
 12258 | D:11     | Found a gate leading to a gauntlet.
 12270 | Gauntlet | Entered a Gauntlet
 12270 | Gauntlet | Noticed an oklob plant
 12270 | Gauntlet | Found a transporter.
 12270 | Gauntlet | Found a runed translucent door.
 12270 | Gauntlet | Found a runed translucent door.
 12277 | Gauntlet | Found a transporter.
 12279 | Gauntlet | Found a transporter.
 12283 | Gauntlet | Noticed a fire crab
 12284 | Gauntlet | Found a runed translucent door.
 12284 | Gauntlet | Found a runed translucent door.
 12289 | Gauntlet | Found a transporter.
 12292 | Gauntlet | Found a transporter.
 12294 | Gauntlet | Noticed a thrashing horror
 12295 | Gauntlet | Noticed a thrashing horror
 12304 | Gauntlet | Found a transporter.
 12319 | Gauntlet | Found a transporter.
 12326 | Gauntlet | Found the ring of the Mage {Wiz Will++ Int+3}
 12330 | Gauntlet | Found a transporter.
 12340 | Gauntlet | Noticed a ghost crab
 12342 | Gauntlet | Found a transporter.
 12347 | Gauntlet | Found a transporter.
 12347 | Gauntlet | Found a transporter.
 12374 | Gauntlet | Found a runed translucent gate.
 12375 | Gauntlet | Found a runed translucent gate.
 12375 | Gauntlet | Found a transporter.
 12375 | Gauntlet | Found a transporter.
 12376 | Gauntlet | Found a runed translucent gate.
 12377 | Gauntlet | Noticed a catoblepas
 12429 | Gauntlet | Found a transporter.
 12544 | Gauntlet | Killed a fire crab
 12545 | Gauntlet | Gained mutation: You are mostly covered in rugged brown
                  | scales. (AC +2, +5% HP) [demonic ancestry]
 12545 | Gauntlet | Reached XP level 12. HP: 81/105 MP: 13/13
 12554 | Gauntlet | Identified the +6 battleaxe "Arbiter" {flame, rC+ Int+3
                  | Dex+2}
 12602 | Gauntlet | Identified the +1 cloak of the Unseen Realm {Will+ Int+2}
 12639 | Gauntlet | Identified the +9 dire flail of Checkmate {antimagic,
                  | Int+4}
 12639 | Gauntlet | Identified the +1 chain mail "Tetump" {rC++ rCorr}
 12639 | Gauntlet | Noticed a minotaur
 12659 | Gauntlet | HP: 6/162 [minotaur (21)]
 12660 | Gauntlet | Killed a minotaur
 12680 | Gauntlet | Identified the +7 kite shield of Vaad {rC- rN+++ Int+2
                  | Dex+4}
 12830 | D:11     | Reached skill level 1 in Shields
 13019 | D:11     | Noticed a two-headed ogre
 13020 | D:11     | Noticed a vault guard
 13031 | D:11     | Killed a two-headed ogre
 13034 | D:11     | Killed a vault guard
 13040 | D:11     | Found a portal to a secret trove of treasure.
 13045 | Trove    | Entered a treasure trove
 13063 | Trove    | Found a bloodstained altar of Trog.
 13092 | Trove    | Found the +8 storm bow {elec, penet}
 13096 | Trove    | Identified the +5 executioner's axe of Niogonnu {pain,
                  | Drain rF++ Str+4 Int+2}
 13116 | Trove    | Found the +14 obsidian axe {vorpal, Mesm Drain Fly SInv}
 13423 | D:11     | Found a shimmering altar of Xom.
 13488 | D:11     | Noticed a boulder beetle
 13501 | D:11     | Noticed an ettin
 13501 | D:11     | a boulder beetle changed into an ettin
 13506 | D:11     | Killed an ettin
 13860 | Lair:1   | Entered Level 1 of the Lair of Beasts
 14307 | Lair:1   | Found a runed translucent door.
 14688 | Lair:1   | Noticed lawman0's ghost (novice DrDe)
 14751 | Lair:1   | Killed lawman0's ghost
 14892 | Lair:2   | Reached skill level 5 in Shields
 15079 | Lair:2   | Found a snail-covered altar of Cheibriados.
 15133 | Lair:2   | Reached skill level 15 in Axes
 15199 | Lair:2   | Noticed a seven-headed hydra
 15203 | Lair:2   | Gained mutation: You have a pair of antennae on your head.
                  | [demonic ancestry]
 15203 | Lair:2   | Reached XP level 13. HP: 113/113 MP: 14/14
 15824 | Lair:2   | Found a staircase to the Swamp.
 16467 | Lair:3   | Noticed Sonja
 16485 | Lair:3   | Killed Sonja
 16721 | Lair:3   | Noticed Gastronok
 16742 | Lair:3   | Killed Gastronok
 17065 | Lair:4   | Noticed a rockslime
 17065 | Lair:4   | Found a runed translucent gate.
 17065 | Lair:4   | Found a runed translucent gate.
 17065 | Lair:4   | Found a runed translucent gate.
 17940 | Lair:4   | Found a hole to the Spider Nest.
 18054 | Lair:4   | Noticed Ithra's ghost (journeyman OgTm)
 18055 | Lair:4   | Noticed an acid blob
 18055 | Lair:4   | Noticed an acid blob
 18062 | Lair:4   | Noticed an acid blob
 18234 | Lair:4   | Noticed an azure jelly
 18234 | Lair:4   | Noticed an azure jelly
 18237 | Lair:4   | Noticed an acid blob
 18386 | Lair:4   | Noticed an azure jelly
 18389 | Lair:4   | Found a viscous altar of Jiyva.
 18811 | Lair:5   | Reached skill level 16 in Axes
 19369 | Orc:2    | Gained mutation: You are completely covered in sharp
                  | spines. [demonic ancestry]
 19369 | Orc:2    | Reached XP level 14. HP: 124/124 MP: 5/15
 20176 | Orc:2    | Found a staircase to the Elven Halls.
 20392 | Orc:2    | Found Gijiec's Antique Weapon Shop.
 20392 | Orc:2    | Found Xaelae's Armour Shop.
 20393 | Orc:2    | Found Luacweib's Antique Weapon Boutique.
 20397 | Orc:2    | Found Verphaeci's Antique Weapon Boutique.
 21068 | Orc:1    | Found Ubemm's Assorted Antiques.
 21083 | Orc:1    | Bought a scroll of fog for 58 gold pieces
 21083 | Orc:1    | Bought 2 scrolls of teleportation for 174 gold pieces
 21083 | Orc:1    | Bought 2 potions of invisibility for 464 gold pieces
 21083 | Orc:1    | Bought a potion of might for 116 gold pieces
 21083 | Orc:1    | Bought a lead wand for 116 gold pieces
 21866 | D:12     | Reached skill level 10 in Fighting
 22560 | D:13     | Noticed an azure jelly
 22578 | D:13     | Noticed a frost giant
 22578 | D:13     | an azure jelly changed into a frost giant
 22582 | D:12     | a frost giant changed into an alligator snapping turtle
 22593 | D:12     | Noticed a sphinx
 22593 | D:12     | a dire elephant changed into a sphinx
 22595 | D:12     | a sphinx changed into a catoblepas
 22601 | D:12     | Noticed a stone giant
 22601 | D:12     | an alligator snapping turtle changed into a stone giant
 22602 | D:12     | a stone giant changed into an alligator snapping turtle
 22603 | D:12     | Noticed a fire giant
 22603 | D:12     | an alligator snapping turtle changed into a fire giant
 22606 | D:12     | a fire giant changed into an eleionoma
 22607 | D:12     | Noticed a stone giant
 22607 | D:12     | an eleionoma changed into a stone giant
 22613 | D:12     | Killed a stone giant
 22945 | D:13     | Identified the +1 scale mail of Weirdness {rF++ rN+ SInv}
 23076 | D:10     | Fell from the grace of Ignis
 23076 | D:10     | Became a worshipper of Nemelex Xobeh the Trickster
 24271 | Lair:5   | Found a runed translucent gate.
 24278 | Lair:5   | Noticed Tynuabry's ghost (journeyman DECj)
 24303 | Lair:5   | Found a runed translucent gate.
 24303 | Lair:5   | Found a runed translucent gate.
 24352 | Lair:5   | Killed from afar by Tynuabry's ghost

Illustrated notes

Levels and vault maps discovered:
D:1:      mrwooster_arrival_statue_2, layout_basic,
          hellmonk_ecumenical_altar_leap_of_faith, chequers_arboretum,
          hex_intersection, grunt_decor_junction
D:2:      layout_loops_ring, minmay_snake_closets
D:3:      layout_loops_ring, grunt_temple_overflow_champion_of_chaos,
          chequers_serial_rivers_small_a
D:4:      layout_rooms, mainiacjoe_overflow_catwalk, gammafunk_ghost_split,
          uniq_duvessa
D:5:      layout_loops_ring, minmay_temple_entry_offerings, minivault_26,
          uniq_prince_ribbit1
D:6:      layout_basic, mainiacjoe_overflow_alcove_3,
          nicolae_overflow_crystal_walls, lightli_ossuary_entry_decrepit_ruins,
          kennysheep_nub, uniq_grinder
D:7:      layout_rooms, serial_shops, shop, serial_curves, eino_curves_03,
          eino_curves_01, corexii_checkpoint_a, nrook_campfire, minivault_19,
          uniq_harold, uniq_pikel
D:8:      layout_basic, dpeg_lair_monsters, serial_undead, serial_undead_d,
          serial_undead_c, serial_undead_b, serial_undead_d, minmay_diced_spiral
D:9:      layout_irregular_city, zombieorc2_lemuel
D:10:     layout_cross, mainiacjoe_overflow_paths, overflow_temple_1_default,
          uniq_josephine, uniq_joseph
D:11:     layout_irregular_city, enter_trove_5, gauntlet_entry_generic,
          led_xom_imps
D:12:     layout_stronghold
D:13:     layout_basic, david_vaults_2
Lair:1:   layout_chaotic_city, ebering_ghost_reflecting_pool,
          infiniplex_staircase_pool_2, grunt_megastairs_2
Lair:2:   layout_long_grid, palyth_hydra_swamp_entry, ldierk_geyser,
          nicolae_quartered_pool_medium, kennysheep_snail_temple,
          infiniplex_staircase_pool
Lair:3:   layout_hall_layers, beast_lair_carwin_7, uniq_gastronok, uniq_sonja
Lair:4:   layout_gridlike, spider_nest_entry_funnel_web, gammafunk_ghost_ooze,
          serial_rivers, chequers_serial_rivers_marsh,
          chequers_serial_rivers_marsh, chequers_serial_rivers_micro_c,
          chequers_serial_rivers_room_b, st_stairs_11
Lair:5:   layout_loops_ring, minmay_slime_entry_oklob_open,
          gammafunk_ghost_split, serial_bayou_shore_a
Orc:1:    layout_caves, serial_shops, nicolae_shop_waterfront
Orc:2:    st_orc_mages, layout_caves

Skill      XL: |  1  2  3  4  5  6  7  8  9 10 11 12 13 14 |
---------------+-------------------------------------------+-----
Axes           | 3 4 5 6 7 9 11 13 14 15 16 | 16.7
Armour         | 4 6 7 8 |  8.9
Dodging        | 4 6 7 8 9 |  9.0
Fighting       | 5 8 9 10 | 10.3
Shields        | 5 7 8 |  8.2
Spellcasting   | |  1.0
Fire Magic     | |  2.6

Action                   |  1- 3 |  4- 6 |  7- 9 | 10-12 | 13-15 || total
-------------------------+-------+-------+-------+-------+-------++-------
Melee: Hand axe          |    41 |    50 |       |       |       ||    91
       Broad axe         |       |    32 |   218 |   552 |   652 ||  1454
       Morningstar       |       |       |       |       |    45 ||    45
Throw: Stone             |    20 |    12 |    11 |    13 |    25 ||    81
       Dart              |     6 |    13 |       |       |       ||    19
Invok: Foxfire Swarm     |     4 |     3 |     1 |     2 |       ||    10
Evoke: Wand              |       |       |    11 |     8 |    17 ||    36
  Use: Scroll            |     3 |     7 |     6 |    11 |     1 ||    28
       Potion            |       |       |     2 |    10 |     1 ||    13
 Stab: Invisible         |       |       |       |     4 |       ||     4
       Petrified         |       |       |       |       |     1 ||     1
Armor: Leather armour    |    14 |       |       |       |       ||    14
       Scale mail        |       |    22 |    84 |   167 |    34 ||   307
       Chain mail        |       |       |       |    76 |   181 ||   257
Dodge: Dodged            |    18 |    25 |    70 |   218 |   205 ||   536
Block: Kite shield       |       |       |       |   160 |   610 ||   770

Table legend: (Time is in decaauts)
 A = Elapsed time spent in this place.
 B = Non-inter-level travel time spent in this place.
 C = Inter-level travel time spent in this place.
 D = Time resting spent in this place.
 E = Time spent auto-exploring this place.
 F = Levels seen in this place.
 G = Mean time per level.
                   A        B        C        D        E       F      G
               +--------+--------+--------+--------+--------+-----+--------+
         Total |  24498 |  22483 |   2015 |   6392 |  11494 |  23 | 1065.1 |
       Dungeon |  14445 |  13017 |   1428 |   2860 |   7625 |  13 | 1111.2 |
          Lair |   6179 |   5687 |    492 |   2026 |   2564 |   5 | 1235.8 |
  Orcish Mines |   2768 |   2674 |     94 |   1264 |    892 |   2 | 1384.0 |
         Trove |    133 |    133 |      0 |      0 |     26 |   1 |  133.0 |
       Ossuary |    508 |    508 |      0 |    181 |    165 |   1 |  508.0 |
      Gauntlet |    463 |    463 |      0 |     61 |    222 |   1 |  463.0 |
               +--------+--------+--------+--------+--------+-----+--------+

Top non-repeatable levels by time:
  Lair:4: 2120 daAuts
   Orc:2: 2059 daAuts
     D:9: 1993 daAuts
     D:2: 1556 daAuts
     D:5: 1322 daAuts
  Lair:2: 1196 daAuts
     D:8: 1177 daAuts
     D:1: 1176 daAuts
     D:7: 1153 daAuts
    D:12: 1101 daAuts
  Lair:3: 1068 daAuts
    D:11: 1057 daAuts
    D:10: 1021 daAuts
  Lair:1: 947 daAuts
     D:6: 858 daAuts
